 Dungeon Crawl Stone Soup version 0.30-a0-924-g0ad0bf95bc (webtiles) character file.

Game seed: 2264449952605643208

9984 kenny the Thaumaturge (level 11, -19/56 HPs)
             Began as a Deep Elf Conjurer on Mar 22, 2023.
             Was an Elder of Vehumet.
             Demolished by an anaconda simulacrum (32 damage)
             ... in an ice cave.
             The game lasted 00:38:50 (12761 turns).

kenny the Thaumaturge (Deep Elf Conjurer)          Turns: 12761, Time: 00:38:52

Health: -19/56     AC:  8    Str:  4    XL:     11   Next: 30%
Magic:  45/49      EV: 10    Int: 28    God:    Vehumet [****..]
Gold:   637        SH:  0    Dex: 13    Spells: 28/39 levels left

rFire   . . .      SeeInvis .    z - +7 Throatcutter {drain, coup de grace}
rCold   . . .      Faith    .    (no shield)
rNeg    . . .      Spirit   .    F - +2 robe {Will+}
rPois   .          Reflect  .    (no helmet)
rElec   .          Rampage  .    N - +0 cloak
rCorr   .                        W - +2 pair of gloves
Will    ++...                    (no boots)
Stlth   +++                      K - amulet of magic regeneration
HPRegen 0.29/turn                E - ring of magical power
MPRegen 0.71/turn                L - ring of magical power

@: constricted
A: no striking features
a: Renounce Religion


You were in an ice cave.
You worshipped Vehumet.
Vehumet was greatly pleased with you.
You visited 1 branch of the dungeon, and saw 11 of its levels.
You also visited: Sewer, Bailey and Ice Cave.

You collected 637 gold pieces.

Inventory:

Hand Weapons
 g - a +2 dagger of protection
 v - the +3 hand axe "Ihoffecw" {vamp, Will+ Dex+3 Stlth+}
   (You found it on level 3 of the Dungeon)

   Dex:       It affects your dexterity (+3).
   Will:      It increases your willpower.
   Stlth:     It makes you more stealthy.
 z - the +7 Throatcutter (weapon) {drain, coup de grace}
   (You took it off a hobgoblin on level 3 of the Dungeon)
Armour
 F - a +2 robe of willpower (worn)
 I - a +2 leather armour of willpower
 N - a +0 cloak (worn)
 P - a +3 leather armour of poison resistance
 T - an orb of wrath
 W - a +2 pair of gloves (worn)
Jewellery
 i - a ring of fire
 n - an amulet of regeneration
 x - a ring of positive energy
 E - a ring of magical power (left hand)
 G - a +6 ring of dexterity
 K - an amulet of magic regeneration (around neck)
 L - a ring of magical power (right hand)
 M - a +6 ring of strength
 O - a ring of protection from fire
 Y - an amulet of faith
Wands
 a - a wand of polymorph (7)
 u - a wand of paralysis (6)
 y - a wand of digging (6)
 H - a wand of flame (37)
Scrolls
 f - 2 scrolls of immolation
 l - 6 scrolls of enchant armour
 o - 8 scrolls of teleportation
 q - 4 scrolls of enchant weapon
 t - 3 scrolls of vulnerability
 B - a scroll of brand weapon
 J - 2 scrolls of fog
 S - a scroll of amnesia
 U - a scroll of identify
 V - a scroll of magic mapping
Potions
 b - a potion of magic
 c - 5 potions of attraction
 d - 6 potions of curing
 e - 3 potions of brilliance
 h - 2 potions of haste
 j - 2 potions of lignification
 k - 2 potions of mutation
 m - 6 potions of might
 p - 3 potions of resistance {unknown}
 r - 2 potions of ambrosia {unknown}
 s - 4 potions of heal wounds
 w - a potion of degeneration {unknown}
 A - 2 potions of flight {unknown}
 C - a potion of cancellation {unknown}
 D - 2 potions of berserk rage {unknown}
 Q - a potion of invisibility {unknown}
 R - a potion of experience {unknown}


   Skills:
 + Level 1.1 Fighting
 + Level 1.5 Long Blades
 + Level 4.1 Dodging
 + Level 5.8 Stealth
 + Level 14.7 Spellcasting
 + Level 11.7 Conjurations
 + Level 4.7 Hexes
 + Level 7.3 Translocations


You had 28 spell levels left.
You knew the following spells:

 Your Spells              Type           Power      Damage    Failure   Level
a - Magic Dart            Conj           100%       1d8       0%          1
b - Searing Ray           Conj           100%       2d8       1%          2
c - Fulminant Prism       Conj/Hex       30%        3d15      1%          4
d - Iskenderun's Mystic   Conj/Tloc      65%        2d13      1%          4

Your spell library contained the following spells:

 Spells                   Type           Power      Damage    Failure   Level
 Fireball                 Conj/Fire      26%        3d12      1%          5
 Apportation              Tloc           100%       N/A       1%          1
 Dazzling Flash           Conj/Hex       100%       N/A       1%          3
 Stone Arrow              Conj/Erth      100%       3d13      1%          3
 Necrotise                Necr           80%        1d8       2%          1
 Summon Small Mammal      Summ           80%        N/A       2%          1
 Summon Guardian Golem    Hex/Summ       33%        N/A       2%          3
 Cigotuvi's Dreadful Rot  Necr/Pois/Air  40%        N/A       3%          2
 Olgreb's Toxic Radiance  Pois           20%        N/A       7%          4
 Call Canine Familiar     Summ           20%        N/A       8%          3
 Animate Armour           Summ/Erth      40%        N/A       24%         4
 Dispel Undead            Necr           20%        3d11      24%         4
 Alistair's Intoxication  Tmut/Pois      13%        N/A       56%         5
 Lehudib's Crystal Spear  Conj/Erth      26%        10d7      96%         8
 Death Channel            Necr           10%        N/A       98%         6
 Ozocubu's Refrigeration  Ice            10%        4d9       99%         7
 Ignition                 Fire           10%        3d5       100%        8


Dungeon Overview and Level Annotations

Branches:
Dungeon (11/15)            Temple (0/1) D:7           Sewer (visited)
 Bailey (visited)           IceCv (1/1)
   Lair: D:8-11         Orc: D:9-12

Altars:
Ashenzari
Cheibriados
Gozag
Nemelex Xobeh
Okawaru
Trog
Uskayaw
Vehumet
Wu Jian
Xom
Zin
The Shining One

Shops:
D:6 :

Annotations:
D:5 1 runed translucent door, howech's ghost, novice GrFi


Message History

The dire elephant simulacrum is severely damaged.
The dire elephant simulacrum tramples you!!
You stumble backwards!
Casting: Iskenderun's Mystic Blast (safe; 1% risk of failure)
Confirm with . or Enter, or press ? or * to list all spells.
You erupt in a blast of force!
The mystic blast hits the dire elephant simulacrum!
The dire elephant simulacrum is almost destroyed.
The dire elephant simulacrum is knocked back by the mystic blast.
The dire elephant simulacrum slams into the stone wall!
The dire elephant simulacrum is almost destroyed.
Casting: Iskenderun's Mystic Blast (safe; 1% risk of failure)
Confirm with . or Enter, or press ? or * to list all spells.
You erupt in a blast of force!
The mystic blast hits the dire elephant simulacrum!
The dire elephant simulacrum vaporises!
Vehumet accepts your kill.
You start resting.
Magic restored.
You start resting.
HP restored.
You open the door.
An anaconda simulacrum comes into view.
The anaconda simulacrum grabs you. The anaconda simulacrum bites you.
The anaconda simulacrum freezes you!!
Ouch! That really hurt!
The anaconda simulacrum constricts you.
Casting: Iskenderun's Mystic Blast (safe; 1% risk of failure)
Confirm with . or Enter, or press ? or * to list all spells.
You erupt in a blast of force!
The mystic blast hits the anaconda simulacrum!
The anaconda simulacrum is heavily damaged.
The anaconda simulacrum is knocked back by the mystic blast.
The anaconda simulacrum slams into the stone wall!
The anaconda simulacrum is almost destroyed.
The anaconda simulacrum bites you!
* * * LOW HITPOINT WARNING * * *
The anaconda simulacrum freezes you!!
Ouch! That really hurt!
You die...

#### #.... #+### ......
#.#.# ##.....
#+#+#.#Z#+### 4#.....
#.....@...'.# #.....
#.8.8.8.8.########.....
#..............#.......
+..............'.....⌠.
#..............#.......
#.8.8.8.8.########.....
#.........+ #4'[.#.....
#+#+#.#+#+# #.#⌠.#.....
#. ####.....


You could see an anaconda simulacrum.

Vanquished Creatures
  A two-headed ogre (D:8)
  A cyclops (D:9)
  2 ice statues (IceCv)
  A gargoyle (Bailey)
  2 kobold demonologists (D:10)
  3 ice devils (IceCv)
  A troll (D:11)
  A hornet (D:11)
  11 yaks
  A dire elephant simulacrum (IceCv)
  A vampire (Bailey)
  A wraith (D:10)
  Eustachio (D:5)
  A wyvern (D:9)
  A death yak simulacrum (IceCv)
  A water moccasin (D:6)
  Duvessa (D:5)
  4 orc warriors
  A sky beast (D:8)
  A black bear (D:5)
  3 ogres
  2 centaurs
  A phantom (D:5)
  A kobold brigand (D:8)
  3 bullfrogs
  4 scorpions
  5 wights (D:9)
  Dowan (D:5)
  7 vampire bats (Bailey)
  4 killer bees (D:8)
  9 wolf zombies (Bailey)
  4 crimson imps (D:9)
  A gnoll bouda (D:3)
  2 hounds
  5 orc priests
  3 iguanas
  A sleepcap (D:5)
  6 orc wizards
  A spriggan simulacrum (IceCv)
  8 gnolls
  19 adders
  A river rat (Sewer)
  A shadow imp (D:7)
  15 white imps
  An ufetubus (D:5)
  A worm (D:4)
  2 dart slugs
  39 orcs
  3 bats (D:1)
  9 endoplasms
  7 giant cockroaches
  4 hobgoblins
  2 jackals (D:4)
  6 quokkas
  8 ball pythons
  9 frilled lizards
  8 goblins
  12 kobolds
  18 orc zombies (Bailey)
  10 rats
283 creatures vanquished.

Vanquished Creatures (others)
  45 fulminant prisms
45 creatures vanquished.

Grand Total: 328 creatures vanquished

Notes
Turn   | Place    | Note
-------+----------+-------------------------------------------
     0 | D:1      | kenny the Deep Elf Conjurer began the quest for the Orb.
     0 | D:1      | Reached XP level 1. HP: 10/10 MP: 6/6
   425 | D:1      | Reached XP level 2. HP: 15/15 MP: 6/8
   452 | D:1      | Learned a level 2 spell: Searing Ray
  1168 | D:2      | Reached skill level 5 in Conjurations
  1261 | D:2      | Reached XP level 3. HP: 8/19 MP: 1/9
  1825 | D:2      | Reached XP level 4. HP: 24/24 MP: 5/11
  1831 | D:2      | Learned a level 4 spell: Fulminant Prism
  2000 | D:2      | Found a faded altar of an unknown god.
  2314 | D:3      | Noticed a scorpion
  2526 | D:3      | Found an ornate altar of the Wu Jian Council.
  2530 | D:3      | Identified the +3 hand axe "Ihoffecw" {vamp, Will+ Dex+3
                  | Stlth+}
  2679 | D:3      | Reached skill level 4 in Spellcasting
  2733 | D:2      | Learned a level 4 spell: Iskenderun's Mystic Blast
  2752 | D:3      | Killed a scorpion
  2753 | D:3      | Reached skill level 1 in Hexes
  2753 | D:3      | Reached XP level 5. HP: 22/28 MP: 2/14
  3123 | D:3      | Found an opulent altar of Gozag.
  3251 | D:3      | Found a sparkling altar of Nemelex Xobeh.
  3582 | D:3      | You fall into a shaft and drop 2 floors!
  3582 | D:5      | Entered Level 5 of the Dungeon
  3599 | D:4      | Reached skill level 5 in Spellcasting
  3599 | D:4      | Reached XP level 6. HP: 19/32 MP: 10/16
  3854 | D:4      | Found a glowing drain.
  3898 | Sewer    | Entered a sewer
  4319 | D:4      | Found a radiant altar of Vehumet.
  4462 | D:3      | Found a glowing silver altar of Zin.
  4573 | D:3      | Reached skill level 6 in Spellcasting
  4841 | D:4      | Reached XP level 7. HP: 36/36 MP: 6/18
  5083 | D:4      | Became a worshipper of Vehumet
  5189 | D:4      | Reached skill level 7 in Spellcasting
  5854 | D:5      | Found a runed translucent door.
  5860 | D:5      | Noticed howech's ghost (novice GrFi)
  5898 | D:5      | Reached skill level 1 in Translocations
  6223 | D:5      | Found an iron altar of Okawaru.
  6224 | D:5      | Noticed Duvessa
  6229 | D:5      | Killed Duvessa
  6230 | D:5      | Reached skill level 8 in Spellcasting
  6230 | D:5      | Reached XP level 8. HP: 42/42 MP: 22/22
  6353 | D:5      | Noticed Dowan
  6360 | D:5      | Killed Dowan
  6456 | D:5      | Noticed Eustachio
  6460 | D:5      | Killed Eustachio
  6461 | D:5      | Reached skill level 1 in Fighting
  6839 | D:6      | Found a bloodstained altar of Trog.
  7105 | D:6      | Reached skill level 9 in Spellcasting
  7189 | D:6      | Reached * piety under Vehumet
  7189 | D:6      | Offered knowledge of Foxfire by Vehumet.
  7572 | D:6      | Found Igus's Vocational Training.
  7726 | D:6      | Found a hide-covered altar of Uskayaw.
  7735 | D:6      | Found a glowing golden altar of the Shining One.
  7909 | D:7      | Found a snail-covered altar of Cheibriados.
  8362 | D:7      | Found a staircase to the Ecumenical Temple.
  8489 | D:8      | Reached skill level 5 in Stealth
  8514 | D:8      | Reached skill level 1 in Long Blades
  8518 | D:8      | Reached skill level 10 in Spellcasting
  8518 | D:8      | Reached XP level 9. HP: 33/47 MP: 25/25
  9078 | D:8      | Reached skill level 11 in Spellcasting
  9232 | D:8      | Noticed a two-headed ogre
  9242 | D:8      | Killed a two-headed ogre
  9631 | D:9      | Noticed a cyclops
  9761 | D:9      | Reached skill level 10 in Conjurations
  9763 | D:9      | Offered knowledge of Poisonous Vapours by Vehumet.
  9764 | D:9      | Found a flagged portal.
  9807 | D:9      | Reached ** piety under Vehumet
  9825 | Bailey   | Entered a bailey
  9912 | Bailey   | Noticed a gargoyle
  9918 | Bailey   | Killed a gargoyle
  9919 | Bailey   | Reached skill level 12 in Spellcasting
  9919 | Bailey   | Reached XP level 10. HP: 52/52 MP: 28/28
 10216 | Bailey   | Offered knowledge of Inner Flame by Vehumet.
 10447 | Bailey   | Reached skill level 5 in Translocations
 10595 | D:9      | Reached *** piety under Vehumet
 10920 | D:9      | Killed a cyclops
 11249 | D:9      | Offered knowledge of Frozen Ramparts by Vehumet.
 11328 | D:9      | Found a shimmering altar of Xom.
 11411 | D:9      | Reached skill level 13 in Spellcasting
 11684 | D:9      | Found a broken altar of Ashenzari.
 11886 | D:10     | Entered Level 10 of the Dungeon
 11886 | D:10     | Found the +5 demon whip "Spellbinder" {antimagic, disrupt,
                  | Will+}
 12003 | D:10     | Identified the +10 short sword "Hell-Harrower" {vamp, rF-
                  | Str+2 Dex+8}
 12200 | D:10     | Reached skill level 14 in Spellcasting
 12200 | D:10     | Reached XP level 11. HP: 56/56 MP: 31/31
 12480 | D:11     | Found a frozen archway.
 12483 | D:11     | Reached **** piety under Vehumet
 12486 | D:11     | Offered knowledge of Fireball by Vehumet.
 12535 | IceCv    | Entered an ice cave
 12761 | IceCv    | Demolished by an anaconda simulacrum

Illustrated notes

Levels and vault maps discovered:
D:1:      shiori_shiawase, layout_basic, kennysheep_decorative_pillar
D:2:      layout_loops_cross, ebering_ecumenical_altar_abandoned,
          minmay_pentomino_pile
D:3:      minmay_general_purpose_star, layout_basic,
          pdpol_temple_overflow_zin_treasury_gozag_greed,
          lemuel_coloured_pillars_altar, mainiacjoe_overflow_alcove_2,
          minmay_misc_feat_five
D:4:      layout_cave_pools, nicolae_vehumet_radiance, gup_sewer_entry_bubbles
D:5:      layout_basic, overflow_temple_1_default, ebering_ghost_sewer_d,
          hangedman_decor_growths, uniq_eustachio, uniq_duvessa
D:6:      layout_loops_ring, mainiacjoe_overflow_brackets,
          mainiacjoe_overflow_swirl, nicolae_benzene_ring,
          nicolae_shop_vocational
D:7:      layout_loops_ring, overflow_temple_1_default,
          minmay_temple_entry_glassed_door
D:8:      layout_basic, minmay_misc_feat_ornament
D:9:      layout_basic, led_xom_imps, mainiacjoe_overflow_alcove_1,
          serial_aquarium, aquarium_bridge_straight [aquarium_subvault_bridge,
          aquarium_subvault_balcony, aquarium_subvault_bridge,
          aquarium_subvault_wall], aquarium_bridge_square
          [aquarium_subvault_window, aquarium_subvault_bridge,
          aquarium_subvault_wall, aquarium_subvault_window], aquarium_window_2,
          aquarium_window_fake, aquarium_window_fake, aquarium_view_2d,
          aquarium_view_2b, aquarium_balcony_5b, lightli_bailey_entry_fortress
D:10:     layout_cave_pools
D:11:     layout_irregular_city, lair_entry_dummy, portal_ice_cave_entry_imps,
          nicolae_concentric_dashed_squares_mild, minmay_fractal_squares_5
IceCv:    ice_cave_tombish

Skill      XL: |  1  2  3  4  5  6  7  8  9 10 11 |
---------------+----------------------------------+-----
Conjurations   | 5 6 7 8 10 11 | 11.7
Stealth        | 3 4 5 |  5.8
Spellcasting   | 4 5 6 8 10 12 14 | 14.7
Hexes          | 1 2 3 4 |  4.7
Dodging        | 3 4 |  4.1
Translocations | 1 2 4 6 7 |  7.3
Fighting       | 1 |  1.1
Long Blades    | 1 |  1.5

Action                     |  1- 3 |  4- 6 |  7- 9 | 10-12 || total
---------------------------+-------+-------+-------+-------++-------
  Melee: Long sword        |       |       |     8 |     1 ||     9
   Cast: Magic Dart        |    78 |   104 |   122 |    79 ||   383
         Searing Ray       |     1 |    13 |    31 |     8 ||    53
         Fulminant Prism   |       |     2 |    16 |    27 ||    45
         Iskenderun's Myst |       |     3 |    38 |    89 ||   130
    Use: Scroll            |     1 |     6 |    12 |     4 ||    23
         Potion            |     1 |       |       |       ||     1
   Stab: Sleeping          |       |       |     3 |       ||     3
 Armour: Robe              |     3 |     7 |    19 |     4 ||    33
  Dodge: Dodged            |     5 |    20 |    30 |     2 ||    57

Table legend: (Time is in decaauts)
 A = Elapsed time spent in this place.
 B = Non-inter-level travel time spent in this place.
 C = Inter-level travel time spent in this place.
 D = Time resting spent in this place.
 E = Time spent auto-exploring this place.
 F = Levels seen in this place.
 G = Mean time per level.
                   A        B        C        D        E       F      G
               +--------+--------+--------+--------+--------+-----+--------+
         Total |  12827 |  12166 |    661 |   3022 |   7351 |  14 |  916.2 |
       Dungeon |  11459 |  10798 |    661 |   2651 |   6623 |  11 | 1041.7 |
         Sewer |    386 |    386 |      0 |      0 |    340 |   1 |  386.0 |
        Bailey |    756 |    756 |      0 |    262 |    325 |   1 |  756.0 |
      Ice Cave |    225 |    225 |      0 |    109 |     63 |   1 |  225.0 |
               +--------+--------+--------+--------+--------+-----+--------+

Top non-repeatable levels by time:
     D:3: 1595 daAuts
     D:9: 1444 daAuts
     D:5: 1293 daAuts
     D:2: 1260 daAuts
     D:4: 1216 daAuts
     D:1: 1128 daAuts
     D:8: 962 daAuts
     D:6: 959 daAuts
     D:7: 950 daAuts
  Bailey: 756 daAuts
    D:10: 541 daAuts
   Sewer: 386 daAuts
   IceCv: 225 daAuts
    D:11: 106 daAuts
